 Dungeon Crawl Stone Soup version 0.31.0-11-ge490571c62 (webtiles) character file.

Game seed: 1167758549324150893

483 qw the Shooter (level 6, -2/30 HPs)
             Began as a Spriggan Hunter on Feb 4, 2024.
             Killed from afar by Ijyb (8 damage)
             ... with an iceblast
             ... on level 4 of the Dungeon.
             The game lasted 00:00:12 (3416 turns).

qw the Shooter (Spriggan Hunter)                    Turns: 3416, Time: 00:00:12

Health: -2/30      AC:  2    Str:  7    XL:     6   Next: 88%
Magic:  7/7        EV: 21    Int: 11    God:
Gold:   292        SH:  0    Dex: 20    Spells: 5/5 levels left

rFire   . . .        a - +0 shortbow
rCold   . . .        (shield currently unavailable)
rNeg    . . .        c - +0 robe
rPois   .            (helmet restricted)
rElec   .            (no cloak)
rCorr   +            (gloves unavailable)
SInv    +            (boots unavailable)
Will    +....        (no amulet)
Stlth   ++           e - ring of resist corrosion
HPRegen 0.25/turn    (no ring)
MPRegen 0.10/turn

%: no passive effects
@: about to teleport, very quick
A: very small, no large weapons, unfitting armour, see invisible, speed 3
a: no special abilities


You were on level 4 of the Dungeon.
You visited 1 branch of the dungeon, and saw 4 of its levels.

You collected 292 gold pieces.


Innate Abilities, Weirdness & Mutations

You are very small and have problems with some larger weapons.
You are too small for most types of armour.
You have supernaturally acute eyesight. (SInv)
You cover ground extremely quickly. (Speed+++)


   Skills:
 - Level 2.1 Fighting
 + Level 6.8 Ranged Weapons
 - Level 6.1 Dodging
 - Level 1.5 Stealth


You had 5 spell levels left.
You didn't know any spells.
Your spell library was empty.

Inventory:

Hand Weapons
 a - a +0 shortbow (weapon)
Armour
 c - a +0 robe (worn)
Jewellery
 e - a ring of resist corrosion (left hand)
Wands
 f - a wand of flame (20)
Scrolls
 g - 4 scrolls of teleportation
 h - a scroll of immolation {unknown}
 i - a scroll of blinking {unknown}
 k - a scroll of identify
Potions
 b - a potion of curing {unknown}
 d - a potion of enlightenment {unknown}
 j - a potion of berserk rage {unknown}

Dungeon Overview and Level Annotations

Branches:
Dungeon (4/15)
 Temple: D:4-7

Altars:
Kikubaaqudgha

Annotations:
D:4 Ijyb


Message History

There is a stone staircase leading down here.
Things that are here:
a +0 club; a goblin corpse You see here a +1 dagger of speed.
Found a stone staircase leading down.
There is a stone staircase leading down here.
An orc priest comes into view.
It is wielding a +1 whip of electrocution.
You shoot an arrow. The arrow hits the orc priest!
The orc priest shouts!
The orc priest is heavily wounded.
Ijyb the Twisted Goblin comes into view.
She is wielding a +0 dagger and carrying a wand of iceblast.
An orc comes into view. It is wielding a +0 mace.
You shoot an arrow.
Ijyb shouts!
The orc shouts!
The arrow hits the orc priest.
The orc priest is severely wounded.
You shoot an arrow. The arrow hits Ijyb.
Ijyb is lightly wounded.
An orc priest comes into view. It is wielding a +0 dagger.
The orc priest invokes the aid of Beogh against you.
Beogh smites you!
The orc priest shouts!
You shoot an arrow. The arrow hits Ijyb but does no damage.
Ijyb is lightly wounded.
The orc priest miscasts a cantrip.
An orc comes into view. It is wielding a +0 hand axe.
An orc comes into view. It is wielding a +0 whip.
The orc shouts!
You shoot an arrow. The orc shouts!
The arrow hits Ijyb but does no damage.
Ijyb is lightly wounded.
Ijyb zaps a wand.
The mass of ice explodes!
The iceblast engulfs you!
Ouch! That really hurt!
The orc priest looks braver for a moment.
3416 ||| READING 5 scrolls of teleportation.
As you read the scroll of teleportation, it crumbles to dust.
You feel strangely unstable.
Ijyb zaps a wand.
The mass of ice explodes!
The iceblast engulfs you!
You die... # # ..o ##.## oo.

#... #o# #..#
#o# #..# #g#
##..#### #.#
........ #.#
....#######
#@#
.............
#.#
....########.
#.# ....###
#.# #.#
......# #.#
#.# ......#
#.# #.#
..#...#
#.###.#
.....##
#.....#
.##..#
#.>######.#


You could see Ijyb, 2 orc priests and 3 orcs.

Vanquished Creatures
  A black bear (D:3)
  2 scorpions (D:4)
  A jelly (D:4)
  A sleepcap (D:4)
  An iguana (D:4)
  An orc wizard (D:3)
  4 gnolls
  5 adders (D:2)
  A ribbon worm (D:3)
  2 dart slugs
  5 orcs (D:3)
  4 ball pythons
  8 endoplasms
  2 giant cockroaches
  5 goblins
  9 hobgoblins
  8 kobolds
  5 quokkas
  4 bats
  7 frilled lizards
  4 rats
80 creatures vanquished.

Notes
Turn   | Place    | Note
-------+----------+-------------------------------------------
     0 | D:1      | qw the Spriggan Hunter began the quest for the Orb.
     0 | D:1      | Reached XP level 1. HP: 10/10 MP: 2/2
     0 | D:1      | 0 ||| qw: Version: 0.3-a-160-g6735b56
     0 | D:1      | 0 ||| qw: Game counter: 4642
     0 | D:1      | 0 ||| qw: Melee chars always use a shield: true
     0 | D:1      | 0 ||| qw: God list: Okawaru
     0 | D:1      | 0 ||| qw: Allow faded altars: false
     0 | D:1      | 0 ||| qw: Do Orc after clearing Dungeon:15 true
     0 | D:1      | 0 ||| qw: Do second Lair branch before Depths: true
     0 | D:1      | 0 ||| qw: Lair rune preference: random
     0 | D:1      | 0 ||| qw: Goals: Normal
     0 | D:1      | 0 ||| PLANNING D:1-11
    72 | D:1      | Reached skill level 3 in Dodging
   194 | D:1      | Reached XP level 2. HP: 12/14 MP: 3/3
   691 | D:1      | 691 ||| DROPPING amulet of magic regeneration.
   692 | D:1      | 692 ||| READING scroll labelled NECVUI VINKAF.
   692 | D:1      | 692 ||| IDENTIFYING metallic blue potion
   693 | D:1      | 693 ||| READING scroll labelled YHAFONETHE.
   694 | D:1      | 694 ||| DROPPING scroll of butterflies.
   695 | D:1      | 695 ||| DROPPING potion of brilliance.
   935 | D:2      | Reached XP level 3. HP: 18/18 MP: 4/4
  1286 | D:2      | Reached XP level 4. HP: 18/22 MP: 5/5
  1654 | D:2      | 1654 ||| UPGRADING to ring of resist corrosion.
  1655 | D:2      | 1655 ||| READING 2 scrolls of identify.
  1655 | D:2      | 1655 ||| IDENTIFYING puce potion
  1656 | D:2      | 1656 ||| READING scroll of identify.
  1656 | D:2      | 1656 ||| IDENTIFYING scroll labelled QONTUPNEFF
  1657 | D:2      | 1657 ||| DROPPING potion of degeneration.
  1913 | D:3      | Found a faded altar of an unknown god.
  1943 | D:3      | Found an ancient bone altar of Kikubaaqudgha.
  2065 | D:3      | 2065 ||| FLEEEEING.
  2066 | D:3      | 2066 ||| FLEEEEING.
  2067 | D:3      | 2067 ||| FLEEEEING.
  2068 | D:3      | 2068 ||| FLEEEEING.
  2070 | D:3      | 2070 ||| FLEEEEING.
  2072 | D:3      | 2072 ||| FLEEEEING.
  2073 | D:3      | 2073 ||| FLEEEEING.
  2074 | D:3      | 2074 ||| FLEEEEING.
  2090 | D:3      | HP: 5/23 [orc wizard/+0 dagger (4)]
  2091 | D:3      | 2091 ||| READING 3 scrolls of teleportation.
  2221 | D:3      | Reached XP level 5. HP: 26/26 MP: 6/6
  2385 | D:3      | 2385 ||| READING scroll labelled FAKECKEOTE.
  2540 | D:4      | Noticed a black bear
  2541 | D:4      | 2541 ||| ZAPPING wand of flame (28) at 1,2 (black bear;
                  | floor).
  2542 | D:4      | 2542 ||| STAIRDANCE
  2544 | D:3      | 2544 ||| ZAPPING wand of flame (27) at 1,1 (black bear;
                  | floor).
  2545 | D:3      | 2545 ||| ZAPPING wand of flame (26) at 1,1 (black bear;
                  | floor).
  2546 | D:3      | 2546 ||| ZAPPING wand of flame (25) at 1,1 (black bear;
                  | floor).
  2547 | D:3      | 2547 ||| ZAPPING wand of flame (24) at 1,1 (black bear;
                  | floor).
  2548 | D:3      | 2548 ||| ZAPPING wand of flame (23) at 1,1 (black bear;
                  | floor).
  2549 | D:3      | 2549 ||| ZAPPING wand of flame (22) at 1,1 (black bear;
                  | floor).
  2550 | D:3      | 2550 ||| ZAPPING wand of flame (21) at 1,1 (black bear;
                  | floor).
  2550 | D:3      | Killed a black bear
  2551 | D:3      | Reached skill level 6 in Ranged Weapons
  2582 | D:4      | 2582 ||| STAIRDANCE
  2590 | D:4      | 2590 ||| STAIRDANCE
  2607 | D:4      | 2607 ||| STAIRDANCE
  2651 | D:4      | 2651 ||| STAIRDANCE
  2693 | D:4      | Reached XP level 6. HP: 19/30 MP: 7/7
  2931 | D:4      | Reached skill level 6 in Dodging
  2932 | D:4      | HP: 7/30 [poisoned by a scorpion]
  3206 | D:4      | 3206 ||| FLEEEEING.
  3207 | D:4      | 3207 ||| FLEEEEING.
  3208 | D:4      | 3208 ||| FLEEEEING.
  3411 | D:4      | Noticed Ijyb
  3415 | D:4      | HP: 5/30 [Ijyb/iceblast (16)]
  3416 | D:4      | 3416 ||| READING 5 scrolls of teleportation.
  3416 | D:4      | Killed from afar by Ijyb

Levels and vault maps discovered:
D:1:      evilmike_arrival_grusome_pit, layout_loops_cross,
          kennysheep_crisscross
D:2:      minmay_diamond_boxcup, layout_basic, grunt_decor_clamped
D:3:      layout_loops_cross, lemuel_doored_altar, serial_rivers,
          chequers_serial_rivers_marsh, chequers_serial_rivers_micro_e,
          chequers_serial_rivers_micro_c, chequers_serial_rivers_small_b,
          shapermc_ecumenical_altar_venn
D:4:      layout_loops_ring, hellmonk_no_cap, uniq_ijyb

Skill      XL: |  1  2  3  4  5  6 |
---------------+-------------------+-----
Dodging        | 3 4 5 6 |  6.1
Ranged Weapons | 5 6 |  6.8
Fighting       | 2 |  2.1
Stealth        | |  1.5

Action                     |  1- 3 |  4- 6 || total
---------------------------+-------+-------++-------
   Fire: Shortbow          |   112 |   176 ||   288
  Evoke: Wand              |       |     8 ||     8
    Use: Scroll            |     2 |     5 ||     7
 Armour: Robe              |    13 |    46 ||    59
  Dodge: Dodged            |    57 |    89 ||   146

Table legend:
 A = Non-vault XP
 B = Vault XP
 C = Vault XP percentage of total XP
 D = Non-vault monster count
 E = Vault monster count
 F = Vault count percentage of total count
                 A         B        C        D         E       F
            +---------+---------+-------+---------+---------+-------
      Total |     528 |     163 |  23.6 |      70 |      10 |  12.5
            +---------+---------+-------+---------+---------+-------
        D:1 |      31 |       0 |   0.0 |      19 |       0 |   0.0
        D:2 |      58 |      37 |  38.9 |      12 |       8 |  40.0
        D:3 |     236 |       0 |   0.0 |      25 |       0 |   0.0
        D:4 |     203 |     126 |  38.3 |      14 |       2 |  12.5
            +---------+---------+-------+---------+---------+-------
